Workbook

Sheet Data
D3: Base
D4: Age | E4: 45
D5: Premium | E5: 10 | F5: p.m.
D6: Commission | E6: 0.1
D7: Initial Mortality | E7: 0.01 | F7: p.a.
D8: Variable Expense | E8: 0.05 | F8: of premium
D9: Fixed Expenses | E9: 1 | F9: p.m.
D10: Annual mortality increase 1 | E10: 0.2 | F10: for 5 years
D11: Period for 1st increase | E11: 60 | F11: months
D12: Annual mortality increase 2 | E12: 0.3 | F12: after 5 years
D13: Expense inflation(Annual) | E13: 0.05
D14: Sum Insured | E14: 1000
D15: Discount rate | E15: 0.05 | F15: p.a.
D16: Term | E16: 10 | F16: years

Sheet Term Insurance
A3: Month | B3: Age | C3: Premium | D3: Commission | E3: Variable Expense | F3: Fixed Expenses | G3: Expense outgo | H3: Mortality rate | I3: Monthly mortality rate | J3: Survival rate | K3: Probability of death | L3: Death benefit | M3: Profit | O3: Premium | R3: =Data!E5 -> 10
A4: 1 | B4: 45 | C4: =R3 -> 10 | D4: =C4*Data!$E$6 -> 1 | E4: =Data!$E$8*C4 -> 0.5 | F4: =Data!$E$9 -> 1 | G4: =(E4+F4)*J4 -> 1.4987442 | H4: =Data!E7 -> 0.01 | I4: =(1-(1-H4)^(1/12)) -> 0.00083717736 | J4: =1-I4 -> 0.99916282 | K4: =1*I4 -> 0.00083717736 | L4: =K4*Data!$E$14 -> 0.83717736 | M4: =C4-D4-G4-L4 -> 6.6640784 | O4: Monthly discount rate = | R4: =(1+Data!E15)^(1/12)-1 -> 0.0040741238
A5: 2 | B5: =IF(MOD(A5,12)=1,B4+1,B4) -> 45 | C5: =Data!$E$5*J4 -> 9.9916282 | D5: =C5*Data!$E$6 -> 0.99916282 | E5: =IF(MOD(A5,12)=1,E4*(1+Data!$E$13),E4) -> 0.5 | F5: =IF(MOD(A5,12)=1,F4*(1+Data!$E$13),'Term Insurance'!F4) -> 1 | G5: =(E5+F5)*J5 -> 1.4974895 | H5: =IF(MOD(A5,12)=1,H4*(1+IF('Term Insurance'!A5<=Data!$E$11,Data!$E$10,Data!$E$12)),H4) -> 0.01 | I5: =(1-(1-H5)^(1/12)) -> 0.00083717736 | J5: =J4*(1-I5) -> 0.99832635 | K5: =J4*I5 -> 0.00083647649 | L5: =K5*Data!$E$14 -> 0.83647649 | M5: =C5-D5-G5-L5 -> 6.6584994 | O5: PVFP= | R5: =NPV(R4,M4:M123) -> 420.56804
A6: 3 | B6: =IF(MOD(A6,12)=1,B5+1,B5) -> 45 | C6: =Data!$E$5*J5 -> 9.9832635 | D6: =C6*Data!$E$6 -> 0.99832635 | E6: =IF(MOD(A6,12)=1,E5*(1+Data!$E$13),E5) -> 0.5 | F6: =IF(MOD(A6,12)=1,F5*(1+Data!$E$13),'Term Insurance'!F5) -> 1 | G6: =(E6+F6)*J6 -> 1.4962359 | H6: =IF(MOD(A6,12)=1,H5*(1+IF('Term Insurance'!A6<=Data!$E$11,Data!$E$10,Data!$E$12)),H5) -> 0.01 | I6: =(1-(1-H6)^(1/12)) -> 0.00083717736 | J6: =J5*(1-I6) -> 0.99749057 | K6: =J5*I6 -> 0.00083577621 | L6: =K6*Data!$E$14 -> 0.83577621 | M6: =C6-D6-G6-L6 -> 6.652925
A7: 4 | B7: =IF(MOD(A7,12)=1,B6+1,B6) -> 45 | C7: =Data!$E$5*J6 -> 9.9749057 | D7: =C7*Data!$E$6 -> 0.99749057 | E7: =IF(MOD(A7,12)=1,E6*(1+Data!$E$13),E6) -> 0.5 | F7: =IF(MOD(A7,12)=1,F6*(1+Data!$E$13),'Term Insurance'!F6) -> 1 | G7: =(E7+F7)*J7 -> 1.4949832 | H7: =IF(MOD(A7,12)=1,H6*(1+IF('Term Insurance'!A7<=Data!$E$11,Data!$E$10,Data!$E$12)),H6) -> 0.01 | I7: =(1-(1-H7)^(1/12)) -> 0.00083717736 | J7: =J6*(1-I7) -> 0.99665549 | K7: =J6*I7 -> 0.00083507652 | L7: =K7*Data!$E$14 -> 0.83507652 | M7: =C7-D7-G7-L7 -> 6.6473554 | O7: Reasonableness check | R7: =12*R4 -> 0.048889485
A8: 5 | B8: =IF(MOD(A8,12)=1,B7+1,B7) -> 45 | C8: =Data!$E$5*J7 -> 9.9665549 | D8: =C8*Data!$E$6 -> 0.99665549 | E8: =IF(MOD(A8,12)=1,E7*(1+Data!$E$13),E7) -> 0.5 | F8: =IF(MOD(A8,12)=1,F7*(1+Data!$E$13),'Term Insurance'!F7) -> 1 | G8: =(E8+F8)*J8 -> 1.4937317 | H8: =IF(MOD(A8,12)=1,H7*(1+IF('Term Insurance'!A8<=Data!$E$11,Data!$E$10,Data!$E$12)),H7) -> 0.01 | I8: =(1-(1-H8)^(1/12)) -> 0.00083717736 | J8: =J7*(1-I8) -> 0.99582112 | K8: =J7*I8 -> 0.00083437741 | L8: =K8*Data!$E$14 -> 0.83437741 | M8: =C8-D8-G8-L8 -> 6.6417904 | O8: Check-1 | R8: 12 times monthly rate is similar to annual rate
A9: 6 | B9: =IF(MOD(A9,12)=1,B8+1,B8) -> 45 | C9: =Data!$E$5*J8 -> 9.9582112 | D9: =C9*Data!$E$6 -> 0.99582112 | E9: =IF(MOD(A9,12)=1,E8*(1+Data!$E$13),E8) -> 0.5 | F9: =IF(MOD(A9,12)=1,F8*(1+Data!$E$13),'Term Insurance'!F8) -> 1 | G9: =(E9+F9)*J9 -> 1.4924812 | H9: =IF(MOD(A9,12)=1,H8*(1+IF('Term Insurance'!A9<=Data!$E$11,Data!$E$10,Data!$E$12)),H8) -> 0.01 | I9: =(1-(1-H9)^(1/12)) -> 0.00083717736 | J9: =J8*(1-I9) -> 0.99498744 | K9: =J8*I9 -> 0.00083367889 | L9: =K9*Data!$E$14 -> 0.83367889 | M9: =C9-D9-G9-L9 -> 6.63623 | O9: Ratio of total premium and commission | R9: =SUM(D4:D123)/SUM(C4:C123) -> 0.1
A10: 7 | B10: =IF(MOD(A10,12)=1,B9+1,B9) -> 45 | C10: =Data!$E$5*J9 -> 9.9498744 | D10: =C10*Data!$E$6 -> 0.99498744 | E10: =IF(MOD(A10,12)=1,E9*(1+Data!$E$13),E9) -> 0.5 | F10: =IF(MOD(A10,12)=1,F9*(1+Data!$E$13),'Term Insurance'!F9) -> 1 | G10: =(E10+F10)*J10 -> 1.4912317 | H10: =IF(MOD(A10,12)=1,H9*(1+IF('Term Insurance'!A10<=Data!$E$11,Data!$E$10,Data!$E$12)),H9) -> 0.01 | I10: =(1-(1-H10)^(1/12)) -> 0.00083717736 | J10: =J9*(1-I10) -> 0.99415446 | K10: =J9*I10 -> 0.00083298095 | L10: =K10*Data!$E$14 -> 0.83298095 | M10: =C10-D10-G10-L10 -> 6.6306743 | O10: Equal to the percentage in data? | R10: =R9=Data!E6 -> TRUE
A11: 8 | B11: =IF(MOD(A11,12)=1,B10+1,B10) -> 45 | C11: =Data!$E$5*J10 -> 9.9415446 | D11: =C11*Data!$E$6 -> 0.99415446 | E11: =IF(MOD(A11,12)=1,E10*(1+Data!$E$13),E10) -> 0.5 | F11: =IF(MOD(A11,12)=1,F10*(1+Data!$E$13),'Term Insurance'!F10) -> 1 | G11: =(E11+F11)*J11 -> 1.4899833 | H11: =IF(MOD(A11,12)=1,H10*(1+IF('Term Insurance'!A11<=Data!$E$11,Data!$E$10,Data!$E$12)),H10) -> 0.01 | I11: =(1-(1-H11)^(1/12)) -> 0.00083717736 | J11: =J10*(1-I11) -> 0.99332217 | K11: =J10*I11 -> 0.0008322836 | L11: =K11*Data!$E$14 -> 0.8322836 | M11: =C11-D11-G11-L11 -> 6.6251232 | O11: Check-2
A12: 9 | B12: =IF(MOD(A12,12)=1,B11+1,B11) -> 45 | C12: =Data!$E$5*J11 -> 9.9332217 | D12: =C12*Data!$E$6 -> 0.99332217 | E12: =IF(MOD(A12,12)=1,E11*(1+Data!$E$13),E11) -> 0.5 | F12: =IF(MOD(A12,12)=1,F11*(1+Data!$E$13),'Term Insurance'!F11) -> 1 | G12: =(E12+F12)*J12 -> 1.4887359 | H12: =IF(MOD(A12,12)=1,H11*(1+IF('Term Insurance'!A12<=Data!$E$11,Data!$E$10,Data!$E$12)),H11) -> 0.01 | I12: =(1-(1-H12)^(1/12)) -> 0.00083717736 | J12: =J11*(1-I12) -> 0.99249059 | K12: =J11*I12 -> 0.00083158683 | L12: =K12*Data!$E$14 -> 0.83158683 | M12: =C12-D12-G12-L12 -> 6.6195768 | O12: Total Deaths + Survivors at end = | Q12: =SUM(K4:K123)+J123 -> 1
A13: 10 | B13: =IF(MOD(A13,12)=1,B12+1,B12) -> 45 | C13: =Data!$E$5*J12 -> 9.9249059 | D13: =C13*Data!$E$6 -> 0.99249059 | E13: =IF(MOD(A13,12)=1,E12*(1+Data!$E$13),E12) -> 0.5 | F13: =IF(MOD(A13,12)=1,F12*(1+Data!$E$13),'Term Insurance'!F12) -> 1 | G13: =(E13+F13)*J13 -> 1.4874895 | H13: =IF(MOD(A13,12)=1,H12*(1+IF('Term Insurance'!A13<=Data!$E$11,Data!$E$10,Data!$E$12)),H12) -> 0.01 | I13: =(1-(1-H13)^(1/12)) -> 0.00083717736 | J13: =J12*(1-I13) -> 0.9916597 | K13: =J12*I13 -> 0.00083089065 | L13: =K13*Data!$E$14 -> 0.83089065 | M13: =C13-D13-G13-L13 -> 6.6140351
A14: 11 | B14: =IF(MOD(A14,12)=1,B13+1,B13) -> 45 | C14: =Data!$E$5*J13 -> 9.916597 | D14: =C14*Data!$E$6 -> 0.9916597 | E14: =IF(MOD(A14,12)=1,E13*(1+Data!$E$13),E13) -> 0.5 | F14: =IF(MOD(A14,12)=1,F13*(1+Data!$E$13),'Term Insurance'!F13) -> 1 | G14: =(E14+F14)*J14 -> 1.4862443 | H14: =IF(MOD(A14,12)=1,H13*(1+IF('Term Insurance'!A14<=Data!$E$11,Data!$E$10,Data!$E$12)),H13) -> 0.01 | I14: =(1-(1-H14)^(1/12)) -> 0.00083717736 | J14: =J13*(1-I14) -> 0.9908295 | K14: =J13*I14 -> 0.00083019504 | L14: =K14*Data!$E$14 -> 0.83019504 | M14: =C14-D14-G14-L14 -> 6.608498
A15: 12 | B15: =IF(MOD(A15,12)=1,B14+1,B14) -> 45 | C15: =Data!$E$5*J14 -> 9.908295 | D15: =C15*Data!$E$6 -> 0.9908295 | E15: =IF(MOD(A15,12)=1,E14*(1+Data!$E$13),E14) -> 0.5 | F15: =IF(MOD(A15,12)=1,F14*(1+Data!$E$13),'Term Insurance'!F14) -> 1 | G15: =(E15+F15)*J15 -> 1.485 | H15: =IF(MOD(A15,12)=1,H14*(1+IF('Term Insurance'!A15<=Data!$E$11,Data!$E$10,Data!$E$12)),H14) -> 0.01 | I15: =(1-(1-H15)^(1/12)) -> 0.00083717736 | J15: =J14*(1-I15) -> 0.99 | K15: =J14*I15 -> 0.00082950002 | L15: =K15*Data!$E$14 -> 0.82950002 | M15: =C15-D15-G15-L15 -> 6.6029655
A16: 13 | B16: =IF(MOD(A16,12)=1,B15+1,B15) -> 46 | C16: =Data!$E$5*J15 -> 9.9 | D16: =C16*Data!$E$6 -> 0.99 | E16: =IF(MOD(A16,12)=1,E15*(1+Data!$E$13),E15) -> 0.525 | F16: =IF(MOD(A16,12)=1,F15*(1+Data!$E$13),'Term Insurance'!F15) -> 1.05 | G16: =(E16+F16)*J16 -> 1.5576821 | H16: =IF(MOD(A16,12)=1,H15*(1+IF('Term Insurance'!A16<=Data!$E$11,Data!$E$10,Data!$E$12)),H15) -> 0.012 | I16: =(1-(1-H16)^(1/12)) -> 0.0010055425 | J16: =J15*(1-I16) -> 0.98900451 | K16: =J15*I16 -> 0.00099548711 | L16: =K16*Data!$E$14 -> 0.99548711 | M16: =C16-D16-G16-L16 -> 6.3568308
A17: 14 | B17: =IF(MOD(A17,12)=1,B16+1,B16) -> 46 | C17: =Data!$E$5*J16 -> 9.8900451 | D17: =C17*Data!$E$6 -> 0.98900451 | E17: =IF(MOD(A17,12)=1,E16*(1+Data!$E$13),E16) -> 0.525 | F17: =IF(MOD(A17,12)=1,F16*(1+Data!$E$13),'Term Insurance'!F16) -> 1.05 | G17: =(E17+F17)*J17 -> 1.5561158 | H17: =IF(MOD(A17,12)=1,H16*(1+IF('Term Insurance'!A17<=Data!$E$11,Data!$E$10,Data!$E$12)),H16) -> 0.012 | I17: =(1-(1-H17)^(1/12)) -> 0.0010055425 | J17: =J16*(1-I17) -> 0.98801003 | K17: =J16*I17 -> 0.00099448611 | L17: =K17*Data!$E$14 -> 0.99448611 | M17: =C17-D17-G17-L17 -> 6.3504387
A18: 15 | B18: =IF(MOD(A18,12)=1,B17+1,B17) -> 46 | C18: =Data!$E$5*J17 -> 9.8801003 | D18: =C18*Data!$E$6 -> 0.98801003 | E18: =IF(MOD(A18,12)=1,E17*(1+Data!$E$13),E17) -> 0.525 | F18: =IF(MOD(A18,12)=1,F17*(1+Data!$E$13),'Term Insurance'!F17) -> 1.05 | G18: =(E18+F18)*J18 -> 1.5545511 | H18: =IF(MOD(A18,12)=1,H17*(1+IF('Term Insurance'!A18<=Data!$E$11,Data!$E$10,Data!$E$12)),H17) -> 0.012 | I18: =(1-(1-H18)^(1/12)) -> 0.0010055425 | J18: =J17*(1-I18) -> 0.98701654 | K18: =J17*I18 -> 0.00099348611 | L18: =K18*Data!$E$14 -> 0.99348611 | M18: =C18-D18-G18-L18 -> 6.3440531
A19: 16 | B19: =IF(MOD(A19,12)=1,B18+1,B18) -> 46 | C19: =Data!$E$5*J18 -> 9.8701654 | D19: =C19*Data!$E$6 -> 0.98701654 | E19: =IF(MOD(A19,12)=1,E18*(1+Data!$E$13),E18) -> 0.525 | F19: =IF(MOD(A19,12)=1,F18*(1+Data!$E$13),'Term Insurance'!F18) -> 1.05 | G19: =(E19+F19)*J19 -> 1.5529879 | H19: =IF(MOD(A19,12)=1,H18*(1+IF('Term Insurance'!A19<=Data!$E$11,Data!$E$10,Data!$E$12)),H18) -> 0.012 | I19: =(1-(1-H19)^(1/12)) -> 0.0010055425 | J19: =J18*(1-I19) -> 0.98602405 | K19: =J18*I19 -> 0.00099248712 | L19: =K19*Data!$E$14 -> 0.99248712 | M19: =C19-D19-G19-L19 -> 6.3376739
A20: 17 | B20: =IF(MOD(A20,12)=1,B19+1,B19) -> 46 | C20: =Data!$E$5*J19 -> 9.8602405 | D20: =C20*Data!$E$6 -> 0.98602405 | E20: =IF(MOD(A20,12)=1,E19*(1+Data!$E$13),E19) -> 0.525 | F20: =IF(MOD(A20,12)=1,F19*(1+Data!$E$13),'Term Insurance'!F19) -> 1.05 | G20: =(E20+F20)*J20 -> 1.5514263 | H20: =IF(MOD(A20,12)=1,H19*(1+IF('Term Insurance'!A20<=Data!$E$11,Data!$E$10,Data!$E$12)),H19) -> 0.012 | I20: =(1-(1-H20)^(1/12)) -> 0.0010055425 | J20: =J19*(1-I20) -> 0.98503256 | K20: =J19*I20 -> 0.00099148913 | L20: =K20*Data!$E$14 -> 0.99148913 | M20: =C20-D20-G20-L20 -> 6.3313011
A21: 18 | B21: =IF(MOD(A21,12)=1,B20+1,B20) -> 46 | C21: =Data!$E$5*J20 -> 9.8503256 | D21: =C21*Data!$E$6 -> 0.98503256 | E21: =IF(MOD(A21,12)=1,E20*(1+Data!$E$13),E20) -> 0.525 | F21: =IF(MOD(A21,12)=1,F20*(1+Data!$E$13),'Term Insurance'!F20) -> 1.05 | G21: =(E21+F21)*J21 -> 1.5498663 | H21: =IF(MOD(A21,12)=1,H20*(1+IF('Term Insurance'!A21<=Data!$E$11,Data!$E$10,Data!$E$12)),H20) -> 0.012 | I21: =(1-(1-H21)^(1/12)) -> 0.0010055425 | J21: =J20*(1-I21) -> 0.98404207 | K21: =J20*I21 -> 0.00099049215 | L21: =K21*Data!$E$14 -> 0.99049215 | M21: =C21-D21-G21-L21 -> 6.3249347
A22: 19 | B22: =IF(MOD(A22,12)=1,B21+1,B21) -> 46 | C22: =Data!$E$5*J21 -> 9.8404207 | D22: =C22*Data!$E$6 -> 0.98404207 | E22: =IF(MOD(A22,12)=1,E21*(1+Data!$E$13),E21) -> 0.525 | F22: =IF(MOD(A22,12)=1,F21*(1+Data!$E$13),'Term Insurance'!F21) -> 1.05 | G22: =(E22+F22)*J22 -> 1.5483078 | H22: =IF(MOD(A22,12)=1,H21*(1+IF('Term Insurance'!A22<=Data!$E$11,Data!$E$10,Data!$E$12)),H21) -> 0.012 | I22: =(1-(1-H22)^(1/12)) -> 0.0010055425 | J22: =J21*(1-I22) -> 0.98305258 | K22: =J21*I22 -> 0.00098949616 | L22: =K22*Data!$E$14 -> 0.98949616 | M22: =C22-D22-G22-L22 -> 6.3185747
A23: 20 | B23: =IF(MOD(A23,12)=1,B22+1,B22) -> 46 | C23: =Data!$E$5*J22 -> 9.8305258 | D23: =C23*Data!$E$6 -> 0.98305258 | E23: =IF(MOD(A23,12)=1,E22*(1+Data!$E$13),E22) -> 0.525 | F23: =IF(MOD(A23,12)=1,F22*(1+Data!$E$13),'Term Insurance'!F22) -> 1.05 | G23: =(E23+F23)*J23 -> 1.5467509 | H23: =IF(MOD(A23,12)=1,H22*(1+IF('Term Insurance'!A23<=Data!$E$11,Data!$E$10,Data!$E$12)),H22) -> 0.012 | I23: =(1-(1-H23)^(1/12)) -> 0.0010055425 | J23: =J22*(1-I23) -> 0.98206407 | K23: =J22*I23 -> 0.00098850118 | L23: =K23*Data!$E$14 -> 0.98850118 | M23: =C23-D23-G23-L23 -> 6.3122211
A24: 21 | B24: =IF(MOD(A24,12)=1,B23+1,B23) -> 46 | C24: =Data!$E$5*J23 -> 9.8206407 | D24: =C24*Data!$E$6 -> 0.98206407 | E24: =IF(MOD(A24,12)=1,E23*(1+Data!$E$13),E23) -> 0.525 | F24: =IF(MOD(A24,12)=1,F23*(1+Data!$E$13),'Term Insurance'!F23) -> 1.05 | G24: =(E24+F24)*J24 -> 1.5451956 | H24: =IF(MOD(A24,12)=1,H23*(1+IF('Term Insurance'!A24<=Data!$E$11,Data!$E$10,Data!$E$12)),H23) -> 0.012 | I24: =(1-(1-H24)^(1/12)) -> 0.0010055425 | J24: =J23*(1-I24) -> 0.98107657 | K24: =J23*I24 -> 0.0009875072 | L24: =K24*Data!$E$14 -> 0.9875072 | M24: =C24-D24-G24-L24 -> 6.3058739
... A123: 120 | B123: =IF(MOD(A123,12)=1,B122+1,B122) -> 54 | C123: =Data!$E$5*J122 -> 7.2678109 | D123: =C123*Data!$E$6 -> 0.72678109 | E123: =IF(MOD(A123,12)=1,E122*(1+Data!$E$13),E122) -> 0.77566411 | F123: =IF(MOD(A123,12)=1,F122*(1+Data!$E$13),'Term Insurance'!F122) -> 1.5513282 | G123: =(E123+F123)*J123 -> 1.6799604 | H123: =IF(MOD(A123,12)=1,H122*(1+IF('Term Insurance'!A123<=Data!$E$11,Data!$E$10,Data!$E$12)),H122) -> 0.076991316 | I123: =(1-(1-H123)^(1/12)) -> 0.0066541488 | J123: =J122*(1-I123) -> 0.72194498 | K123: =J122*I123 -> 0.0048361095 | L123: =K123*Data!$E$14 -> 4.8361095 | M123: =C123-D123-G123-L123 -> 0.024959841

Sheet Endowment  
A3: Month | B3: Age | C3: Premium | D3: Commission | E3: Variable Expense | F3: Fixed Expenses | G3: Expense outgo | H3: Mortality rate | I3: Monthly mortality rate | J3: Survival rate | K3: Probability of death | L3: Death benefit | M3: Maturity Benefit | N3: Profit | P3: Premium | S3: 20
A4: 1 | B4: 45 | C4: =S3 -> 20 | D4: =C4*Data!$E$6 -> 2 | E4: =Data!$E$8*C4 -> 1 | F4: =Data!$E$9 -> 1 | G4: =(E4+F4)*J4 -> 1.9983256 | H4: =Data!E7 -> 0.01 | I4: =(1-(1-H4)^(1/12)) -> 0.00083717736 | J4: =1-I4 -> 0.99916282 | K4: =1*I4 -> 0.00083717736 | L4: =K4*Data!$E$14 -> 0.83717736 | M4: =IF(A4=120,Data!$E$14*J4,0) -> 0 | N4: =C4-D4-G4-L4-M4 -> 15.164497 | P4: Monthly discount rate = | S4: =(1+Data!E15)^(1/12)-1 -> 0.0040741238
A5: 2 | B5: =IF(MOD(A5,12)=1,B4+1,B4) -> 45 | C5: =$S$3*J4 -> 19.983256 | D5: =C5*Data!$E$6 -> 1.9983256 | E5: =IF(MOD(A5,12)=1,E4*(1+Data!$E$13),E4) -> 1 | F5: =IF(MOD(A5,12)=1,F4*(1+Data!$E$13),'Term Insurance'!F4) -> 1 | G5: =(E5+F5)*J5 -> 1.9966527 | H5: =IF(MOD(A5,12)=1,H4*(1+IF('Term Insurance'!A5<=Data!$E$11,Data!$E$10,Data!$E$12)),H4) -> 0.01 | I5: =(1-(1-H5)^(1/12)) -> 0.00083717736 | J5: =J4*(1-I5) -> 0.99832635 | K5: =J4*I5 -> 0.00083647649 | L5: =K5*Data!$E$14 -> 0.83647649 | M5: =IF(A5=120,Data!$E$14*J5,0) -> 0 | N5: =C5-D5-G5-L5-M5 -> 15.151802 | P5: PVFP= | S5: =NPV(S4,N4:N123) -> 706.44955
A6: 3 | B6: =IF(MOD(A6,12)=1,B5+1,B5) -> 45 | C6: =$S$3*J5 -> 19.966527 | D6: =C6*Data!$E$6 -> 1.9966527 | E6: =IF(MOD(A6,12)=1,E5*(1+Data!$E$13),E5) -> 1 | F6: =IF(MOD(A6,12)=1,F5*(1+Data!$E$13),'Term Insurance'!F5) -> 1 | G6: =(E6+F6)*J6 -> 1.9949811 | H6: =IF(MOD(A6,12)=1,H5*(1+IF('Term Insurance'!A6<=Data!$E$11,Data!$E$10,Data!$E$12)),H5) -> 0.01 | I6: =(1-(1-H6)^(1/12)) -> 0.00083717736 | J6: =J5*(1-I6) -> 0.99749057 | K6: =J5*I6 -> 0.00083577621 | L6: =K6*Data!$E$14 -> 0.83577621 | M6: =IF(A6=120,Data!$E$14*J6,0) -> 0 | N6: =C6-D6-G6-L6-M6 -> 15.139117
A7: 4 | B7: =IF(MOD(A7,12)=1,B6+1,B6) -> 45 | C7: =$S$3*J6 -> 19.949811 | D7: =C7*Data!$E$6 -> 1.9949811 | E7: =IF(MOD(A7,12)=1,E6*(1+Data!$E$13),E6) -> 1 | F7: =IF(MOD(A7,12)=1,F6*(1+Data!$E$13),'Term Insurance'!F6) -> 1 | G7: =(E7+F7)*J7 -> 1.993311 | H7: =IF(MOD(A7,12)=1,H6*(1+IF('Term Insurance'!A7<=Data!$E$11,Data!$E$10,Data!$E$12)),H6) -> 0.01 | I7: =(1-(1-H7)^(1/12)) -> 0.00083717736 | J7: =J6*(1-I7) -> 0.99665549 | K7: =J6*I7 -> 0.00083507652 | L7: =K7*Data!$E$14 -> 0.83507652 | M7: =IF(A7=120,Data!$E$14*J7,0) -> 0 | N7: =C7-D7-G7-L7-M7 -> 15.126443 | P7: Reasonableness check | S7: =12*S4 -> 0.048889485
A8: 5 | B8: =IF(MOD(A8,12)=1,B7+1,B7) -> 45 | C8: =$S$3*J7 -> 19.93311 | D8: =C8*Data!$E$6 -> 1.993311 | E8: =IF(MOD(A8,12)=1,E7*(1+Data!$E$13),E7) -> 1 | F8: =IF(MOD(A8,12)=1,F7*(1+Data!$E$13),'Term Insurance'!F7) -> 1 | G8: =(E8+F8)*J8 -> 1.9916422 | H8: =IF(MOD(A8,12)=1,H7*(1+IF('Term Insurance'!A8<=Data!$E$11,Data!$E$10,Data!$E$12)),H7) -> 0.01 | I8: =(1-(1-H8)^(1/12)) -> 0.00083717736 | J8: =J7*(1-I8) -> 0.99582112 | K8: =J7*I8 -> 0.00083437741 | L8: =K8*Data!$E$14 -> 0.83437741 | M8: =IF(A8=120,Data!$E$14*J8,0) -> 0 | N8: =C8-D8-G8-L8-M8 -> 15.113779 | P8: Check-1 | S8: 12 times monthly rate is similar to annual rate
A9: 6 | B9: =IF(MOD(A9,12)=1,B8+1,B8) -> 45 | C9: =$S$3*J8 -> 19.916422 | D9: =C9*Data!$E$6 -> 1.9916422 | E9: =IF(MOD(A9,12)=1,E8*(1+Data!$E$13),E8) -> 1 | F9: =IF(MOD(A9,12)=1,F8*(1+Data!$E$13),'Term Insurance'!F8) -> 1 | G9: =(E9+F9)*J9 -> 1.9899749 | H9: =IF(MOD(A9,12)=1,H8*(1+IF('Term Insurance'!A9<=Data!$E$11,Data!$E$10,Data!$E$12)),H8) -> 0.01 | I9: =(1-(1-H9)^(1/12)) -> 0.00083717736 | J9: =J8*(1-I9) -> 0.99498744 | K9: =J8*I9 -> 0.00083367889 | L9: =K9*Data!$E$14 -> 0.83367889 | M9: =IF(A9=120,Data!$E$14*J9,0) -> 0 | N9: =C9-D9-G9-L9-M9 -> 15.101126 | P9: Ratio of total premium and commission | S9: =SUM(D4:D123)/SUM(C4:C123) -> 0.1
A10: 7 | B10: =IF(MOD(A10,12)=1,B9+1,B9) -> 45 | C10: =$S$3*J9 -> 19.899749 | D10: =C10*Data!$E$6 -> 1.9899749 | E10: =IF(MOD(A10,12)=1,E9*(1+Data!$E$13),E9) -> 1 | F10: =IF(MOD(A10,12)=1,F9*(1+Data!$E$13),'Term Insurance'!F9) -> 1 | G10: =(E10+F10)*J10 -> 1.9883089 | H10: =IF(MOD(A10,12)=1,H9*(1+IF('Term Insurance'!A10<=Data!$E$11,Data!$E$10,Data!$E$12)),H9) -> 0.01 | I10: =(1-(1-H10)^(1/12)) -> 0.00083717736 | J10: =J9*(1-I10) -> 0.99415446 | K10: =J9*I10 -> 0.00083298095 | L10: =K10*Data!$E$14 -> 0.83298095 | M10: =IF(A10=120,Data!$E$14*J10,0) -> 0 | N10: =C10-D10-G10-L10-M10 -> 15.088484 | P10: Equal to the percentage in data? | S10: =S9=Data!E6 -> TRUE
A11: 8 | B11: =IF(MOD(A11,12)=1,B10+1,B10) -> 45 | C11: =$S$3*J10 -> 19.883089 | D11: =C11*Data!$E$6 -> 1.9883089 | E11: =IF(MOD(A11,12)=1,E10*(1+Data!$E$13),E10) -> 1 | F11: =IF(MOD(A11,12)=1,F10*(1+Data!$E$13),'Term Insurance'!F10) -> 1 | G11: =(E11+F11)*J11 -> 1.9866443 | H11: =IF(MOD(A11,12)=1,H10*(1+IF('Term Insurance'!A11<=Data!$E$11,Data!$E$10,Data!$E$12)),H10) -> 0.01 | I11: =(1-(1-H11)^(1/12)) -> 0.00083717736 | J11: =J10*(1-I11) -> 0.99332217 | K11: =J10*I11 -> 0.0008322836 | L11: =K11*Data!$E$14 -> 0.8322836 | M11: =IF(A11=120,Data!$E$14*J11,0) -> 0 | N11: =C11-D11-G11-L11-M11 -> 15.075852 | P11: Check-2
A12: 9 | B12: =IF(MOD(A12,12)=1,B11+1,B11) -> 45 | C12: =$S$3*J11 -> 19.866443 | D12: =C12*Data!$E$6 -> 1.9866443 | E12: =IF(MOD(A12,12)=1,E11*(1+Data!$E$13),E11) -> 1 | F12: =IF(MOD(A12,12)=1,F11*(1+Data!$E$13),'Term Insurance'!F11) -> 1 | G12: =(E12+F12)*J12 -> 1.9849812 | H12: =IF(MOD(A12,12)=1,H11*(1+IF('Term Insurance'!A12<=Data!$E$11,Data!$E$10,Data!$E$12)),H11) -> 0.01 | I12: =(1-(1-H12)^(1/12)) -> 0.00083717736 | J12: =J11*(1-I12) -> 0.99249059 | K12: =J11*I12 -> 0.00083158683 | L12: =K12*Data!$E$14 -> 0.83158683 | M12: =IF(A12=120,Data!$E$14*J12,0) -> 0 | N12: =C12-D12-G12-L12-M12 -> 15.063231 | P12: Total Deaths + Survivors at end = | R12: =SUM(K4:K123)+J123 -> 1
A13: 10 | B13: =IF(MOD(A13,12)=1,B12+1,B12) -> 45 | C13: =$S$3*J12 -> 19.849812 | D13: =C13*Data!$E$6 -> 1.9849812 | E13: =IF(MOD(A13,12)=1,E12*(1+Data!$E$13),E12) -> 1 | F13: =IF(MOD(A13,12)=1,F12*(1+Data!$E$13),'Term Insurance'!F12) -> 1 | G13: =(E13+F13)*J13 -> 1.9833194 | H13: =IF(MOD(A13,12)=1,H12*(1+IF('Term Insurance'!A13<=Data!$E$11,Data!$E$10,Data!$E$12)),H12) -> 0.01 | I13: =(1-(1-H13)^(1/12)) -> 0.00083717736 | J13: =J12*(1-I13) -> 0.9916597 | K13: =J12*I13 -> 0.00083089065 | L13: =K13*Data!$E$14 -> 0.83089065 | M13: =IF(A13=120,Data!$E$14*J13,0) -> 0 | N13: =C13-D13-G13-L13-M13 -> 15.050621
A14: 11 | B14: =IF(MOD(A14,12)=1,B13+1,B13) -> 45 | C14: =$S$3*J13 -> 19.833194 | D14: =C14*Data!$E$6 -> 1.9833194 | E14: =IF(MOD(A14,12)=1,E13*(1+Data!$E$13),E13) -> 1 | F14: =IF(MOD(A14,12)=1,F13*(1+Data!$E$13),'Term Insurance'!F13) -> 1 | G14: =(E14+F14)*J14 -> 1.981659 | H14: =IF(MOD(A14,12)=1,H13*(1+IF('Term Insurance'!A14<=Data!$E$11,Data!$E$10,Data!$E$12)),H13) -> 0.01 | I14: =(1-(1-H14)^(1/12)) -> 0.00083717736 | J14: =J13*(1-I14) -> 0.9908295 | K14: =J13*I14 -> 0.00083019504 | L14: =K14*Data!$E$14 -> 0.83019504 | M14: =IF(A14=120,Data!$E$14*J14,0) -> 0 | N14: =C14-D14-G14-L14-M14 -> 15.03802 | P14: Check-3 | Q14: If Maturity benefit is made 0 then the PVFP is same as Term Insurance
A15: 12 | B15: =IF(MOD(A15,12)=1,B14+1,B14) -> 45 | C15: =$S$3*J14 -> 19.81659 | D15: =C15*Data!$E$6 -> 1.981659 | E15: =IF(MOD(A15,12)=1,E14*(1+Data!$E$13),E14) -> 1 | F15: =IF(MOD(A15,12)=1,F14*(1+Data!$E$13),'Term Insurance'!F14) -> 1 | G15: =(E15+F15)*J15 -> 1.98 | H15: =IF(MOD(A15,12)=1,H14*(1+IF('Term Insurance'!A15<=Data!$E$11,Data!$E$10,Data!$E$12)),H14) -> 0.01 | I15: =(1-(1-H15)^(1/12)) -> 0.00083717736 | J15: =J14*(1-I15) -> 0.99 | K15: =J14*I15 -> 0.00082950002 | L15: =K15*Data!$E$14 -> 0.82950002 | M15: =IF(A15=120,Data!$E$14*J15,0) -> 0 | N15: =C15-D15-G15-L15-M15 -> 15.025431
A16: 13 | B16: =IF(MOD(A16,12)=1,B15+1,B15) -> 46 | C16: =$S$3*J15 -> 19.8 | D16: =C16*Data!$E$6 -> 1.98 | E16: =IF(MOD(A16,12)=1,E15*(1+Data!$E$13),E15) -> 1.05 | F16: =IF(MOD(A16,12)=1,F15*(1+Data!$E$13),'Term Insurance'!F15) -> 1.05 | G16: =(E16+F16)*J16 -> 2.0769095 | H16: =IF(MOD(A16,12)=1,H15*(1+IF('Term Insurance'!A16<=Data!$E$11,Data!$E$10,Data!$E$12)),H15) -> 0.012 | I16: =(1-(1-H16)^(1/12)) -> 0.0010055425 | J16: =J15*(1-I16) -> 0.98900451 | K16: =J15*I16 -> 0.00099548711 | L16: =K16*Data!$E$14 -> 0.99548711 | M16: =IF(A16=120,Data!$E$14*J16,0) -> 0 | N16: =C16-D16-G16-L16-M16 -> 14.747603
A17: 14 | B17: =IF(MOD(A17,12)=1,B16+1,B16) -> 46 | C17: =$S$3*J16 -> 19.78009 | D17: =C17*Data!$E$6 -> 1.978009 | E17: =IF(MOD(A17,12)=1,E16*(1+Data!$E$13),E16) -> 1.05 | F17: =IF(MOD(A17,12)=1,F16*(1+Data!$E$13),'Term Insurance'!F16) -> 1.05 | G17: =(E17+F17)*J17 -> 2.0748211 | H17: =IF(MOD(A17,12)=1,H16*(1+IF('Term Insurance'!A17<=Data!$E$11,Data!$E$10,Data!$E$12)),H16) -> 0.012 | I17: =(1-(1-H17)^(1/12)) -> 0.0010055425 | J17: =J16*(1-I17) -> 0.98801003 | K17: =J16*I17 -> 0.00099448611 | L17: =K17*Data!$E$14 -> 0.99448611 | M17: =IF(A17=120,Data!$E$14*J17,0) -> 0 | N17: =C17-D17-G17-L17-M17 -> 14.732774
A18: 15 | B18: =IF(MOD(A18,12)=1,B17+1,B17) -> 46 | C18: =$S$3*J17 -> 19.760201 | D18: =C18*Data!$E$6 -> 1.9760201 | E18: =IF(MOD(A18,12)=1,E17*(1+Data!$E$13),E17) -> 1.05 | F18: =IF(MOD(A18,12)=1,F17*(1+Data!$E$13),'Term Insurance'!F17) -> 1.05 | G18: =(E18+F18)*J18 -> 2.0727347 | H18: =IF(MOD(A18,12)=1,H17*(1+IF('Term Insurance'!A18<=Data!$E$11,Data!$E$10,Data!$E$12)),H17) -> 0.012 | I18: =(1-(1-H18)^(1/12)) -> 0.0010055425 | J18: =J17*(1-I18) -> 0.98701654 | K18: =J17*I18 -> 0.00099348611 | L18: =K18*Data!$E$14 -> 0.99348611 | M18: =IF(A18=120,Data!$E$14*J18,0) -> 0 | N18: =C18-D18-G18-L18-M18 -> 14.71796
A19: 16 | B19: =IF(MOD(A19,12)=1,B18+1,B18) -> 46 | C19: =$S$3*J18 -> 19.740331 | D19: =C19*Data!$E$6 -> 1.9740331 | E19: =IF(MOD(A19,12)=1,E18*(1+Data!$E$13),E18) -> 1.05 | F19: =IF(MOD(A19,12)=1,F18*(1+Data!$E$13),'Term Insurance'!F18) -> 1.05 | G19: =(E19+F19)*J19 -> 2.0706505 | H19: =IF(MOD(A19,12)=1,H18*(1+IF('Term Insurance'!A19<=Data!$E$11,Data!$E$10,Data!$E$12)),H18) -> 0.012 | I19: =(1-(1-H19)^(1/12)) -> 0.0010055425 | J19: =J18*(1-I19) -> 0.98602405 | K19: =J18*I19 -> 0.00099248712 | L19: =K19*Data!$E$14 -> 0.99248712 | M19: =IF(A19=120,Data!$E$14*J19,0) -> 0 | N19: =C19-D19-G19-L19-M19 -> 14.70316
A20: 17 | B20: =IF(MOD(A20,12)=1,B19+1,B19) -> 46 | C20: =$S$3*J19 -> 19.720481 | D20: =C20*Data!$E$6 -> 1.9720481 | E20: =IF(MOD(A20,12)=1,E19*(1+Data!$E$13),E19) -> 1.05 | F20: =IF(MOD(A20,12)=1,F19*(1+Data!$E$13),'Term Insurance'!F19) -> 1.05 | G20: =(E20+F20)*J20 -> 2.0685684 | H20: =IF(MOD(A20,12)=1,H19*(1+IF('Term Insurance'!A20<=Data!$E$11,Data!$E$10,Data!$E$12)),H19) -> 0.012 | I20: =(1-(1-H20)^(1/12)) -> 0.0010055425 | J20: =J19*(1-I20) -> 0.98503256 | K20: =J19*I20 -> 0.00099148913 | L20: =K20*Data!$E$14 -> 0.99148913 | M20: =IF(A20=120,Data!$E$14*J20,0) -> 0 | N20: =C20-D20-G20-L20-M20 -> 14.688375
A21: 18 | B21: =IF(MOD(A21,12)=1,B20+1,B20) -> 46 | C21: =$S$3*J20 -> 19.700651 | D21: =C21*Data!$E$6 -> 1.9700651 | E21: =IF(MOD(A21,12)=1,E20*(1+Data!$E$13),E20) -> 1.05 | F21: =IF(MOD(A21,12)=1,F20*(1+Data!$E$13),'Term Insurance'!F20) -> 1.05 | G21: =(E21+F21)*J21 -> 2.0664884 | H21: =IF(MOD(A21,12)=1,H20*(1+IF('Term Insurance'!A21<=Data!$E$11,Data!$E$10,Data!$E$12)),H20) -> 0.012 | I21: =(1-(1-H21)^(1/12)) -> 0.0010055425 | J21: =J20*(1-I21) -> 0.98404207 | K21: =J20*I21 -> 0.00099049215 | L21: =K21*Data!$E$14 -> 0.99049215 | M21: =IF(A21=120,Data!$E$14*J21,0) -> 0 | N21: =C21-D21-G21-L21-M21 -> 14.673606
A22: 19 | B22: =IF(MOD(A22,12)=1,B21+1,B21) -> 46 | C22: =$S$3*J21 -> 19.680841 | D22: =C22*Data!$E$6 -> 1.9680841 | E22: =IF(MOD(A22,12)=1,E21*(1+Data!$E$13),E21) -> 1.05 | F22: =IF(MOD(A22,12)=1,F21*(1+Data!$E$13),'Term Insurance'!F21) -> 1.05 | G22: =(E22+F22)*J22 -> 2.0644104 | H22: =IF(MOD(A22,12)=1,H21*(1+IF('Term Insurance'!A22<=Data!$E$11,Data!$E$10,Data!$E$12)),H21) -> 0.012 | I22: =(1-(1-H22)^(1/12)) -> 0.0010055425 | J22: =J21*(1-I22) -> 0.98305258 | K22: =J21*I22 -> 0.00098949616 | L22: =K22*Data!$E$14 -> 0.98949616 | M22: =IF(A22=120,Data!$E$14*J22,0) -> 0 | N22: =C22-D22-G22-L22-M22 -> 14.658851
A23: 20 | B23: =IF(MOD(A23,12)=1,B22+1,B22) -> 46 | C23: =$S$3*J22 -> 19.661052 | D23: =C23*Data!$E$6 -> 1.9661052 | E23: =IF(MOD(A23,12)=1,E22*(1+Data!$E$13),E22) -> 1.05 | F23: =IF(MOD(A23,12)=1,F22*(1+Data!$E$13),'Term Insurance'!F22) -> 1.05 | G23: =(E23+F23)*J23 -> 2.0623346 | H23: =IF(MOD(A23,12)=1,H22*(1+IF('Term Insurance'!A23<=Data!$E$11,Data!$E$10,Data!$E$12)),H22) -> 0.012 | I23: =(1-(1-H23)^(1/12)) -> 0.0010055425 | J23: =J22*(1-I23) -> 0.98206407 | K23: =J22*I23 -> 0.00098850118 | L23: =K23*Data!$E$14 -> 0.98850118 | M23: =IF(A23=120,Data!$E$14*J23,0) -> 0 | N23: =C23-D23-G23-L23-M23 -> 14.644111
A24: 21 | B24: =IF(MOD(A24,12)=1,B23+1,B23) -> 46 | C24: =$S$3*J23 -> 19.641281 | D24: =C24*Data!$E$6 -> 1.9641281 | E24: =IF(MOD(A24,12)=1,E23*(1+Data!$E$13),E23) -> 1.05 | F24: =IF(MOD(A24,12)=1,F23*(1+Data!$E$13),'Term Insurance'!F23) -> 1.05 | G24: =(E24+F24)*J24 -> 2.0602608 | H24: =IF(MOD(A24,12)=1,H23*(1+IF('Term Insurance'!A24<=Data!$E$11,Data!$E$10,Data!$E$12)),H23) -> 0.012 | I24: =(1-(1-H24)^(1/12)) -> 0.0010055425 | J24: =J23*(1-I24) -> 0.98107657 | K24: =J23*I24 -> 0.0009875072 | L24: =K24*Data!$E$14 -> 0.9875072 | M24: =IF(A24=120,Data!$E$14*J24,0) -> 0 | N24: =C24-D24-G24-L24-M24 -> 14.629385
A25: 22 | B25: =IF(MOD(A25,12)=1,B24+1,B24) -> 46 | C25: =$S$3*J24 -> 19.621531 | D25: =C25*Data!$E$6 -> 1.9621531 | E25: =IF(MOD(A25,12)=1,E24*(1+Data!$E$13),E24) -> 1.05 | F25: =IF(MOD(A25,12)=1,F24*(1+Data!$E$13),'Term Insurance'!F24) -> 1.05 | G25: =(E25+F25)*J25 -> 2.0581891 | H25: =IF(MOD(A25,12)=1,H24*(1+IF('Term Insurance'!A25<=Data!$E$11,Data!$E$10,Data!$E$12)),H24) -> 0.012 | I25: =(1-(1-H25)^(1/12)) -> 0.0010055425 | J25: =J24*(1-I25) -> 0.98009005 | K25: =J24*I25 -> 0.00098651422 | L25: =K25*Data!$E$14 -> 0.98651422 | M25: =IF(A25=120,Data!$E$14*J25,0) -> 0 | N25: =C25-D25-G25-L25-M25 -> 14.614675
A26: 23 | B26: =IF(MOD(A26,12)=1,B25+1,B25) -> 46 | C26: =$S$3*J25 -> 19.601801 | D26: =C26*Data!$E$6 -> 1.9601801 | E26: =IF(MOD(A26,12)=1,E25*(1+Data!$E$13),E25) -> 1.05 | F26: =IF(MOD(A26,12)=1,F25*(1+Data!$E$13),'Term Insurance'!F25) -> 1.05 | G26: =(E26+F26)*J26 -> 2.0561195 | H26: =IF(MOD(A26,12)=1,H25*(1+IF('Term Insurance'!A26<=Data!$E$11,Data!$E$10,Data!$E$12)),H25) -> 0.012 | I26: =(1-(1-H26)^(1/12)) -> 0.0010055425 | J26: =J25*(1-I26) -> 0.97910453 | K26: =J25*I26 -> 0.00098552224 | L26: =K26*Data!$E$14 -> 0.98552224 | M26: =IF(A26=120,Data!$E$14*J26,0) -> 0 | N26: =C26-D26-G26-L26-M26 -> 14.599979
... A123: 120 | B123: =IF(MOD(A123,12)=1,B122+1,B122) -> 54 | C123: =$S$3*J122 -> 14.535622 | D123: =C123*Data!$E$6 -> 1.4535622 | E123: =IF(MOD(A123,12)=1,E122*(1+Data!$E$13),E122) -> 1.5513282 | F123: =IF(MOD(A123,12)=1,F122*(1+Data!$E$13),'Term Insurance'!F122) -> 1.5513282 | G123: =(E123+F123)*J123 -> 2.2399472 | H123: =IF(MOD(A123,12)=1,H122*(1+IF('Term Insurance'!A123<=Data!$E$11,Data!$E$10,Data!$E$12)),H122) -> 0.076991316 | I123: =(1-(1-H123)^(1/12)) -> 0.0066541488 | J123: =J122*(1-I123) -> 0.72194498 | K123: =J122*I123 -> 0.0048361095 | L123: =K123*Data!$E$14 -> 4.8361095 | M123: =IF(A123=120,Data!$E$14*J123,0) -> 721.94498 | N123: =C123-D123-G123-L123-M123 -> -715.93897
